 Dungeon Crawl Stone Soup version 0.31-a0-986-g5e6e4ef867 (webtiles) character file.

Game seed: 16185101811795745413

2099683 Grendle the Impregnable (level 26, 201/201 HPs)
             Began as a Demonspawn Berserker on Nov 19, 2023.
             Was a High Priest of Trog.
             Escaped with the Orb
             ... and 4 runes on Nov 21, 2023!
             The game lasted 11:26:28 (83374 turns).

Grendle the Impregnable (Demonspawn Berserker)     Turns: 83374, Time: 11:26:29

Health: 201/201    AC: 51    Str: 27    XL:     26   Next: 99%
Magic:  23/23      EV:  7    Int:  9    God:    Trog [*****.]
Gold:   3921       SH: 33    Dex: 16    Spells: 25/25 levels left

rFire   + + .        a - +9 demon whip (freeze) {For Malina}
rCold   + . .        P - +18 shield of the Gong {Loud rN+ Will+ rCorr EV-5}
rNeg    + . .        c - +3 gold dragon scales
rPois   +            F - +2 helmet {SInv}
rElec   +            f - +4 dragonskin cloak
rCorr   +            (gloves unavailable)
SInv    +            E - +1 pair of boots "Guahocil" {+Blink Dex+6}
Will    ++...        L - amulet of the Princeling {RegenMP Rampage rElec Dex-5 Slay+6} Stlth
                     C - ring of Gacwemm {+Blink Fly rPois rF+}
HPRegen 0.53/turn    V - ring of the Tortoise {AC+8}
MPRegen 0.58/turn

%: rampage
@: flying, hasted, studying Stealth, very quick
A: ignite blood 3, spiny 3, black mark, sharp scales 3, bedeviling, aura of
silence, demonic touch 3, frail 1
0: Orb of Zot
}: 4/15 runes: decaying, slimy, silver, gossamer
a: Renounce Religion, Evoke Blink, Berserk, Trog's Hand, Brothers in Arms


You escaped.
You worshipped Trog.
Trog was extremely pleased with you.
You visited 10 branches of the dungeon, and saw 52 of its levels.
You also visited: Bailey.

You collected 8791 gold pieces.
You spent 4870 gold pieces at shops.

Inventory:

Hand Weapons
 a - a +9 demon whip of freezing (weapon) {For Malina}
 b - the +7 lajatang of Order {silver, rMut}
   (Trog gifted it to you on level 4 of the Spider Nest)

   rMut:      It protects you from mutation.
 J - the +9 morningstar of the Scavenger {vamp, rC+}
   (You found it on level 5 of the Pits of Slime)

   rC+:       It protects you from cold.
Missiles
 p - 16 javelins
 r - 4 throwing nets
Armour
 c - +3 gold dragon scales (worn)
 f - the +4 dragonskin cloak (worn)
   (You took it off Tiamat on level 2 of the Realm of Zot)

   Avatar's Aegis: It grants the wearer a chance to resist fire, cold, poison,
   electricity, acid, and negative energy.
 m - a +5 kite shield of reflection
 E - the +1 pair of boots "Guahocil" (worn) {+Blink Dex+6}
   (You found it on level 3 of the Spider Nest)

   Dex+6:     It affects your dexterity (+6).
   +Blink:    It lets you blink.
 F - a +2 helmet of see invisible (worn)
 P - the +18 shield of the Gong (worn) {Loud rN+ Will+ rCorr EV-5}
   (You found it on level 5 of the Vaults)

   Loud:      It is deafeningly noisy when blocking attacks.
   EV-5:      It affects your evasion (-5).
   rN+:       It protects you from negative energy.
   Will+:     It increases your willpower.
   rCorr:     It protects you from acid and corrosion.
Jewellery
 e - a ring of willpower
 j - the ring "Kix Pitt" {rPois rC- Will+ Str+2 Dex+6}
   (You took it off a deep elf high priest on level 3 of the Elven Halls)

   [ring of dexterity]

   Str+2:     It affects your strength (+2).
   Dex+6:     It affects your dexterity (+6).
   rC-:       It makes you vulnerable to cold.
   rPois:     It protects you from poison Will+: It increases your willpower.
 C - the ring of Gacwemm (left hand) {+Blink Fly rPois rF+}
   (You took it off a deep elf blademaster on level 3 of the Elven Halls)

   [ring of poison resistance]

   rF+:       It protects you from fire.
   rPois:     It protects you from poison Fly: It grants you flight.
   +Blink:    It lets you blink.
 L - the amulet of the Princeling (around neck) {RegenMP Rampage rElec Dex-5 Slay+6}
   (You took it off a deep elf annihilator on level 3 of the Elven Halls)

   [amulet of magic regeneration]

   RegenMP:   It increases your rate of magic regeneration.
   Dex-5:     It affects your dexterity (-5).
   Slay+6:    It affects your accuracy & damage with ranged weapons and melee
   (+6).
   rElec:     It insulates you from electricity.
   Rampage:   It bestows one free step when moving towards enemies.
 U - the amulet "Yre Ynte" {Acrobat rN++ Dex+4 Stlth-}
   (You found it on level 5 of the Pits of Slime)

   [amulet of the acrobat]

   Acrobat:   It increases your evasion while moving and waiting.
   Dex+4:     It affects your dexterity (+4).
   rN++:      It greatly protects you from negative energy.
   Stlth-:    It makes you less stealthy.
 V - the ring of the Tortoise (right hand) {AC+8}
   (You took it off a deep elf demonologist on level 3 of the Elven Halls)

   [ring of protection]

   AC+8:      It affects your AC (+8).
Wands
 l - a wand of paralysis (73)
 w - a wand of flame (85)
 G - a wand of iceblast (66)
 H - a wand of digging (3)
 Q - a wand of polymorph (20)
 S - a wand of acid (23) (quivered)
 Z - a wand of mindburst (42)
Scrolls
 h - 5 scrolls of summoning
 o - 3 scrolls of vulnerability
 v - a scroll of brand weapon
 y - 22 scrolls of teleportation
 A - 9 scrolls of fear
 B - 5 scrolls of silence
 I - 7 scrolls of revelation
 T - 15 scrolls of fog
 W - a scroll of blinking
Potions
 d - 7 potions of enlightenment
 g - 2 potions of resistance
 k - 10 potions of ambrosia
 n - 9 potions of mutation
 s - 5 potions of heal wounds
 t - 17 potions of curing
 D - 5 potions of might
 N - 4 potions of invisibility
 R - 5 potions of haste
Miscellaneous
 i - a phantom mirror
 q - a lightning rod (4/4)
 u - a condenser vane
 K - a sack of spiders
 Y - a phial of floods


   Skills:
 + Level 22.1 Fighting
 - Level 2.8(13.3) Axes
 + Level 19.8(20.5) Maces & Flails
 - Level 9.1(15.6) Staves
 - Level 13.4 Throwing
 + Level 23.1 Armour
 + Level 11.7 Dodging
 + Level 19.3 Shields
 + Level 19.3 Evocations


You had 25 spell levels left.
You didn't know any spells.
Your spell library was empty.

Dungeon Overview and Level Annotations

Branches:
Dungeon (15/15)            Temple (0/1) D:5            Lair (5/5) D:8
  Swamp (4/4) Lair:3       Spider (4/4) Lair:3        Slime (5/5) Lair:4
    Orc (2/2) D:9             Elf (3/3) Orc:2        Vaults (5/5) D:13
  Crypt (0/3) Vaults:2     Depths (4/4) D:15            Zot (5/5) Depths:4
 Bailey (visited)

Altars:
Cheibriados
Dithmenos
Fedhas
Gozag
Hepliaklqana
Kikubaaqudgha
Makhleb
Nemelex Xobeh
Okawaru
Ru
Sif Muna
Trog
Uskayaw
Vehumet
Xom
Yredelemnul
Jiyva

Shops:
D:8 !(   Orc:2 [=(*   Elf:3 ?(*(   Vaults:2 [   Vaults:5 :[   Depths:1 ?([
Depths:2 *   Depths:4 (

Portals:
Hell: Depths:1 Depths:2 Depths:3 Depths:4
Abyss: Depths:2 Depths:3
Pandemonium: Depths:2 Depths:4
Ziggurat: Depths:2

Annotations:
D:6 3 runed translucent doors, grandjackal's ghost, novice DsGl
Lair:3 3 runed translucent doors, Niosow's ghost, journeyman FoFi; Zekheivah's ghost, journeyman MeSh
Elf:2 exclusion: 2 ice statues


Innate Abilities, Weirdness & Mutations

Your demonic aura causes all spilled blood to erupt in flames.
You are completely covered in sharp spines.
Your melee attacks may debilitate your foes.
You are completely covered in razor-sharp scales. (AC +3, Slay +3)
Your hexes are more powerful.
You are surrounded by an aura of silence.
Your touch may irresistibly damage your foes and sap their willpower.
You are frail. (-10% HP)


Message History

You puncture the rust devil!
The rust devil is almost dead.
You sock the rust devil!
You kill the rust devil!
Trog accepts your kill.
You start resting.
You carefully extract the barbed spikes from your body.
You start resting.
A hell beast comes into view.
You feel yourself speed up.
You fly upwards.
There is a stone staircase leading down here.
There is a stone staircase leading up here.
You fly upwards.
There is a stone staircase leading down here.
HP restored.
An ice devil comes into view.
You block the ice devil's attack.
PTOANNNG!
You puncture the ice devil!
The ice devil looks weaker.
The ice devil is moderately wounded.
You block the ice devil's attack.
PTOANNNG!
You hit the ice devil but do no damage.
The ice devil is moderately wounded.
You bludgeon the ice devil!!
The ice devil is almost dead.
You block the ice devil's attack.
GONNNNG!
You thump the ice devil!
You kill the ice devil!
Trog accepts your kill.
There is a staircase leading out of the dungeon here.
Inscribe with what?
For Malina You feel the dreadful sensation subside.
Your +9 demon whip of freezing {For Malina} glows with a cold blue light!
a - a +9 demon whip of freezing (weapon)
{For Malina} You have escaped!

#.#.######
#.#....# #.####.#
#....#.###
##########.#.##.
##.....## #.#.##.
##.#####.# #.#.##.
#..8≈8≈8.###.#.##.
#@.≈≈≈≈~...#.#....
#..8≈8≈8.#...####.
##.#####.###......
##.....## ######.
####### #. #. #.
#. ##


There were no monsters in sight!

Vanquished Creatures
  the Royal Jelly (Slime:5)
  8 orbs of fire (Zot:5)
  Tiamat (Zot:2)
  3 ancient liches (Zot:5)
  A juggernaut (Zot:2)
  Vv (Zot:2)
  5 Killer Klowns
  Boris (Vaults:2)
  2 curse toes
  5 caustic shrikes
  The ghost of Jutoxo the Victor of a Thousand Battles, a veteran GnWn of Okawaru (Depths:1)
  8 golden dragons
  Nikola (Vaults:3)
  4 bone dragons
  the Enchantress (Depths:2)
  Norris (Vaults:1)
  The ghost of Fotooss the Impregnable, an adept MiDe of Makhleb (Vaults:4)
  2 electric golems (Zot:5)
  25 Orb Guardians (Zot:5)
  Jorgrun (D:15)
  3 deep elf blademasters
  25 tentacled monstrosities
  Asterion (Vaults:3)
  A lich (Vaults:1)
  2 deep elf master archers (Elf:3)
  12 sphinxes
  5 titans (Vaults:5)
  17 acid blobs
  8 quicksilver dragons
  A walking divine tome (Depths:3)
  Frances (D:13)
  An eldritch tentacle (Elf:2)
  The ghost of Feshunla the Bewitcher, an adept KoEn of Dithmenos (Vaults:4)
  12 death cobs
  5 tengu reavers
  Donald (Spider:1)
  9 shadow dragons
  8 storm dragons
  Kirke (Lair:3)
  Aizul (Depths:2)
  9 draconian monks
  6 rockslimes (Slime:5)
  17 azure jellies
  2 deep elf sorcerers (Elf:3)
  7 frost giants
  4 emperor scorpions
  11 draconian scorchers
  3 iron dragons
  3 deep elf elementalists
  10 fire giants
  8 ghost moths
  A balrug (Depths:4)
  8 draconian knights
  3 ghouls (Swamp:3)
  13 vault wardens
  3 orc warlords
  10 draconian shifters
  6 draconian stormcallers
  5 spriggan defenders (Depths:2)
  17 stone giants
  24 very ugly things
  24 ironbound preservers
  9 quicksilver oozes
  6 vampire knights
  2 war gargoyles
  9 draconian annihilators
  7 formless jellyfish
  6 ironbound thunderhulks
  7 deep elf demonologists
  7 eleionomae
  16 purple draconians
  17 black draconians
  13 spark wasps
  2 bunyips
  12 white draconians
  17 green draconians
  25 red draconians
  A lorocyproca (D:8)
  18 yellow draconians
  10 deep elf annihilators
  9 dire elephants
  6 deep elf death magi
  11 fire dragons
  12 ettins
  A crystal guardian (Vaults:4)
  An eidolon (Elf:2)
  4 entropy weavers
  A jiangshi (Vaults:2)
  A shambling mangrove (Swamp:4)
  17 yaktaur captains
  34 vault guards
  Josephine (Swamp:1)
  5 deep elf high priests
  4 rakshasas
  Harold (Lair:2)
  A hell beast (Depths:3)
  6 spriggan air magi
  Erolcha (D:13)
  11 great orbs of eyes
  An ogre mage (Vaults:3)
  6 ghost crabs
  A quicksilver dragon skeleton (Elf:2)
  A death knight (D:15)
  7 alligators
  9 ice dragons
  3 ironbound frosthearts
  3 radroaches
  A peacekeeper (Vaults:4)
  A catoblepas (Lair:2)
  8 hydras
  3 jorogumos
  30 dancing weapons
  8 centaur warriors
  8 deep troll earth magi
  3 two-headed ogres
  6 boulder beetles
  3 tengu warriors
  4 hell hogs
  15 death yaks
  A vampire mage (Depths:2)
  9 demonic crawlers
  8 hell knights (Depths:4)
  Urug (Lair:2)
  An orc high priest (Orc:2)
  8 deep troll shamans
  6 spriggan berserkers
  16 spriggans
  A soul eater (Depths:4)
  2 sun demons (Depths:2)
  A shadow wraith (Vaults:4)
  10 pharaoh ants
  Amaemon (Lair:2)
  22 deep elf knights
  A sixfirhy (Depths:4)
  6 iron trolls
  65 deep trolls
  A fire crab (shapeshifter) (D:15)
  5 skysharks
  10 goliath frogs
  3 swamp dragons
  A sun moth (Spider:4)
  9 orb spiders
  A titan skeleton (Elf:2)
  5 bog bodies
  5 phantasmal warriors
  16 arcanists
  5 glowing orange brains
  18 ironbound convokers
  A golden dragon skeleton (Elf:2)
  7 steelbarb worms
  11 lindwurms
  10 deep elf archers
  20 deep elf zephyrmancers
  A spriggan druid (Swamp:3)
  A flayed ghost (Vaults:5)
  34 deep elf pyromancers
  8 necromancers
  A lindwurm (shapeshifter) (Depths:4)
  68 ugly things
  2 shining eyes
  13 orc knights
  10 orc sorcerers
  2 manticores
  3 will-o-the-wisps
  19 wolf spiders
  A cyclops (D:14)
  26 moths of wrath
  2 elephants (Lair:2)
  A guardian serpent (Lair:5)
  7 black mambas
  2 torpor snails (shapeshifter) (Vaults:5)
  20 vault sentinels
  Maurice (D:11)
  4 torpor snails
  A rust devil (D:3)
  3 eyes of devastation
  A titan simulacrum (Elf:2)
  3 naga magi (Vaults:1)
  2 gargoyles (D:12)
  An unseen horror (D:11)
  14 cane toads
  A yaktaur (shapeshifter) (D:14)
  4 rime drakes
  2 hellions
  10 komodo dragons
  6 freezing wraiths
  31 yaktaurs
  An ice devil (D:1)
  2 kobold demonologists (D:12)
  A komodo dragon (shapeshifter) (Vaults:5)
  3 tormentors
  An anaconda simulacrum (Elf:2)
  A harpy zombie (D:15)
  8 tengu conjurers
  11 polar bears
  A red devil (D:3)
  14 trolls
  A tengu simulacrum (Elf:2)
  A golden dragon simulacrum (Elf:2)
  4 bloated husks
  5 tyrant leeches
  13 blink frogs
  27 hornets
  16 tarantellas
  4 glass eyes
  28 jumping spiders
  3 raiju (Lair:5)
  A meliai zombie (D:15)
  A flying skull (Vaults:2)
  3 air elementals
  117 slime creatures
  8 wraiths
  19 culicivoras
  A shadow (D:11)
  4 water elementals
  11 wyverns
  3 fire elementals
  6 hogs (Lair:3)
  2 humans (D:10)
  30 yaks
  4 swamp worm simulacra (Swamp:4)
  4 basilisks
  60 redbacks
  4 golden eyes
  9 swamp worms
  10 wargs
  A harpy simulacrum (D:15)
  2 spatial vortices (Elf:2)
  14 vampire mosquitoes
  An acid dragon (D:14)
  14 hell hounds (Lair:5)
  24 water moccasins
  3 small abominations (Elf:2)
  3 swamp drakes
  15 hydra simulacra
  14 black bears
  4 ice beasts
  22 orc warriors
  3 ettin simulacra (Depths:2)
  A black mamba simulacrum (Elf:2)
  A tengu (shapeshifter) (Elf:2)
  19 wolves
  A boggart (shapeshifter) (D:15)
  3 boggarts (Vaults:1)
  6 ogres
  8 centaurs
  5 phantoms
  14 kobold brigands
  A necrophage (Swamp:3)
  10 bullfrogs
  4 scorpions
  2 earth elementals (Elf:2)
  8 wights (D:9)
  6 killer bees (D:11)
  An elephant simulacrum (Elf:2)
  2 howler monkeys (D:10)
  A crimson imp (Orc:2)
  6 jellies
  6 hounds
  13 orc priests
  An iron imp (Orc:2)
  2 sleepcaps (D:5)
  A boggart zombie (D:15)
  3 iguanas
  A troll simulacrum (Elf:2)
  16 orc wizards
  Terence (D:3)
  7 gnolls
  8 adders
  2 naga simulacra (Elf:2)
  3 shadow imps
  A white imp (Orc:2)
  4 ufetubi (D:6)
  4 swamp drake simulacra (Swamp:4)
  3 worms
  4 dart slugs
  64 orcs
  3 ball pythons (D:4)
  10 endoplasms
  2 giant cockroaches (D:1)
  9 goblins
  9 hobgoblins
  7 jackals (D:2)
  32 kobolds
  4 quokkas
  4 bats
  4 frilled lizards
  7 rats
  A spectral weapon (Vaults:3)
2303 creatures vanquished.

Vanquished Creatures (collateral kills)
  A caustic shrike (Depths:4)
  2 shadow dragons (Vaults:5)
  A frost giant (Vaults:5)
  A stone giant (Vaults:5)
  A bunyip (Swamp:4)
  An ettin (Vaults:5)
  An entropy weaver (Spider:4)
  A radroach (Spider:3)
  An alligator (Swamp:4)
  A dancing weapon (Elf:3)
  A demonic crawler (Spider:2)
  A hell knight (Vaults:5)
  2 orb spiders
  A steelbarb worm (Spider:3)
  A deep elf archer (Elf:3)
  3 elephants (Lair:2)
  An orange demon (Lair:2)
  A komodo dragon (Lair:2)
  2 redbacks (Spider:4)
  An orc warrior (Orc:2)
  An ogre (Orc:2)
  An orc priest (Orc:2)
  3 orcs (Orc:2)
30 creatures vanquished.

Vanquished Creatures (others)
  A rakshasa (Depths:1)
  2 deep elf pyromancers
  A tarantella (Spider:3)
  A golden eye (Slime:4)
  An orc warrior (Vaults:5)
  16 foxfires
22 creatures vanquished.

Grand Total: 2355 creatures vanquished

Notes
Turn   | Place    | Note
-------+----------+-------------------------------------------
     0 | D:1      | Grendle the Demonspawn Berserker began the quest for the
                  | Orb.
     0 | D:1      | Reached XP level 1. HP: 18/18 MP: 1/1
    66 | D:1      | Reached skill level 2 in Armour
    84 | D:1      | Found a faded altar of an unknown god.
   105 | D:1      | Gained mutation: You are partially covered in sharp spines.
                  | [demonic ancestry]
   105 | D:1      | Reached XP level 2. HP: 24/24 MP: 2/2
   608 | D:1      | Reached ** piety under Trog
   733 | D:2      | Reached XP level 3. HP: 29/29 MP: 3/3
  1330 | D:2      | Reached XP level 4. HP: 37/37 MP: 4/4
  2064 | D:3      | Found a sacrificial altar of Ru.
  2071 | D:3      | Noticed an ice beast
  2079 | D:3      | Killed an ice beast
  2080 | D:3      | Reached skill level 3 in Armour
  2080 | D:3      | Reached XP level 5. HP: 38/43 MP: 5/5
  2118 | D:3      | Found a shimmering altar of Xom.
  2180 | D:3      | Found a snail-covered altar of Cheibriados.
  2514 | D:3      | Noticed Terence
  2525 | D:3      | Killed Terence
  2916 | D:4      | Reached XP level 6. HP: 38/49 MP: 6/6
  3008 | D:4      | Reached *** piety under Trog
  3027 | D:4      | Reached skill level 5 in Fighting
  3027 | D:4      | Reached skill level 4 in Armour
  3190 | D:4      | Gained mutation: You are partially covered in razor-sharp
                  | scales. (AC +1, Slay +1) [demonic ancestry]
  3190 | D:4      | Reached XP level 7. HP: 15/56 MP: 7/7
  3788 | D:5      | Entered Level 5 of the Dungeon
  3899 | D:5      | Found a hide-covered altar of Uskayaw.
  3899 | D:5      | Noticed a +0 dagger
  3899 | D:5      | Noticed a +0 hand axe
  4007 | D:5      | Reached skill level 5 in Armour
  4040 | D:5      | Reached skill level 5 in Dodging
  4040 | D:5      | Gained mutation: Your touch may inflict minor irresistible
                  | damage on your foes. [demonic ancestry]
  4040 | D:5      | Reached XP level 8. HP: 64/64 MP: 8/8
  4057 | D:5      | Found a staircase to the Ecumenical Temple.
  4232 | D:5      | Found a hazy altar of Hepliaklqana.
  4634 | D:6      | Reached **** piety under Trog
  4661 | D:6      | Found a runed translucent gate.
  4661 | D:6      | Found a runed translucent gate.
  4661 | D:6      | Found a runed translucent gate.
  4673 | D:6      | Noticed grandjackal's ghost (novice DsGl)
  4691 | D:6      | Reached skill level 6 in Armour
  4910 | D:6      | Found a large runed translucent door.
  4916 | D:6      | Found a large runed translucent door.
  4925 | D:6      | Found a bloodstained altar of Trog.
  4933 | D:6      | Found a sparkling altar of Nemelex Xobeh.
  4940 | D:6      | Gained mutation: Your demonic aura sometimes causes spilled
                  | blood to erupt in flames. [demonic ancestry]
  4940 | D:6      | Reached XP level 9. HP: 72/72 MP: 9/9
  5368 | D:6      | Identified the +8 quarterstaff "Jacocwai" {speed, +Blink
                  | Will++ Dex+3}
  5545 | D:7      | Reached skill level 1 in Evocations
  5693 | D:7      | Reached ***** piety under Trog
  6168 | D:8      | Reached skill level 5 in Staves
  6207 | D:8      | Found an ancient bone altar of Kikubaaqudgha.
  6212 | D:8      | Noticed a komodo dragon
  6224 | D:8      | Killed a komodo dragon
  6225 | D:8      | Gained mutation: Your demonic aura often causes spilled
                  | blood to erupt in flames. [demonic ancestry]
  6225 | D:8      | Reached XP level 10. HP: 65/80 MP: 10/10
  6312 | D:8      | Found a basalt altar of Yredelemnul.
  6371 | D:8      | Found Xoba's Antique Weapon Emporium.
  6377 | D:8      | Bought a runed demon whip for 504 gold pieces
  6454 | D:8      | Found Setiugon's Distillery.
  6493 | D:8      | Found a staircase to the Lair.
  6609 | D:8      | Found Zinepotu's Magic Scroll Boutique.
  6974 | D:9      | Reached skill level 5 in Evocations
  6990 | D:9      | Found a burning altar of Makhleb.
  7244 | D:9      | Found a staircase to the Orcish Mines.
  7391 | D:9      | Found a flagged portal.
  7400 | Bailey   | Entered a bailey
  7501 | Bailey   | Identified the +5 glaive "Hath" {vamp, rElec Dex+3 Stlth+}
  7522 | Bailey   | Found a bloodstained altar of Trog.
  8153 | D:10     | Entered Level 10 of the Dungeon
  8165 | D:10     | Found a shimmering blue altar of Sif Muna.
  8495 | D:10     | Found an iron altar of Okawaru.
  8589 | D:10     | Noticed a deep elf pyromancer
  8599 | D:10     | Killed a deep elf pyromancer
  8600 | D:10     | Gained mutation: You are mostly covered in razor-sharp
                  | scales. (AC +2, Slay +2) [demonic ancestry]
  8600 | D:10     | Reached XP level 11. HP: 85/86 MP: 11/11
  9145 | Lair:1   | Entered Level 1 of the Lair of Beasts
  9360 | Lair:1   | Identified a scroll of acquirement
  9618 | Lair:1   | Reached skill level 7 in Armour
  9630 | Lair:1   | Acquired a manual of Shields
  9656 | Lair:1   | Reached skill level 1 in Shields
 10024 | Lair:2   | Noticed Urug
 10034 | Lair:2   | Killed Urug
 10035 | Lair:2   | Reached skill level 1 in Maces & Flails
 10066 | Lair:2   | Noticed a skyshark
 10068 | Lair:2   | Noticed Amaemon
 10081 | Lair:2   | Killed a skyshark
 10228 | Lair:2   | Noticed a catoblepas
 10236 | Lair:2   | Killed a catoblepas
 10324 | Lair:2   | Reached skill level 5 in Shields
 10425 | Lair:3   | Found a runed translucent gate.
 10426 | Lair:3   | Found a runed translucent gate.
 10699 | Lair:3   | Noticed a death yak
 10699 | Lair:3   | Noticed a death yak
 10699 | Lair:3   | Noticed a death yak
 10699 | Lair:3   | Noticed a death yak
 10708 | Lair:3   | Killed a death yak
 10709 | Lair:3   | Noticed a death yak
 10710 | Lair:3   | Noticed a death yak
 10712 | Lair:3   | Killed a death yak
 10713 | Lair:3   | Reached XP level 12. HP: 94/94 MP: 12/12
 10716 | Lair:3   | Killed a death yak
 10720 | Lair:3   | Killed a death yak
 10724 | Lair:3   | Killed a death yak
 10725 | Lair:3   | Reached skill level 5 in Maces & Flails
 10728 | Lair:3   | Killed a death yak
 10861 | Lair:3   | Found a hole to the Spider Nest.
 10944 | Lair:3   | Found a staircase to the Swamp.
 10944 | Lair:3   | Noticed an eleionoma
 10951 | Lair:3   | Killed an eleionoma
 11127 | Lair:3   | Noticed Kirke
 11145 | Lair:3   | Killed Kirke
 11381 | Lair:3   | Found a runed translucent gate.
 11381 | Lair:3   | Noticed Zekheivah's ghost (journeyman MeSh)
 11382 | Lair:3   | Noticed Niosow's ghost (journeyman FoFi)
 11648 | Lair:2   | Killed Amaemon
 11669 | Lair:2   | Reached skill level 10 in Shields
 11841 | Lair:2   | Noticed Harold
 11871 | Lair:2   | Killed Harold
 12411 | Lair:4   | Reached XP level 13. HP: 77/103 MP: 13/13
 12838 | Lair:4   | Found a viscous altar of Jiyva.
 12865 | Lair:4   | Reached skill level 10 in Fighting
 12916 | Lair:4   | Found a staircase to the Slime Pits.
 13182 | Lair:5   | Entered Level 5 of the Lair of Beasts
 14010 | Lair:5   | Reached ****** piety under Trog
 14476 | Lair:5   | Paralysed by a hornet for 3 turns
 14808 | Lair:5   | Received a gift from Trog
 14991 | Lair:5   | Reached XP level 14. HP: 111/111 MP: 14/14
 15375 | Lair:5   | Reached skill level 10 in Maces & Flails
 15406 | Lair:5   | Identified the +0 pair of gloves of the Hidden Vale {Harm
                  | rPois Will- Int+5}
 16302 | Orc:1    | Entered Level 1 of the Orcish Mines
 16380 | Orc:1    | Received a gift from Trog
 16464 | Orc:1    | Found a burning altar of Makhleb.
 16693 | Orc:2    | Entered Level 2 of the Orcish Mines
 16745 | Orc:2    | Found Alagit's Antique Weapon Shop.
 16805 | Orc:2    | Noticed an orc warlord
 16810 | Orc:2    | Found Pumycul's General Store.
 16838 | Orc:2    | HP: 4/113 [orc warlord/+2 long sword of protection (14)]
 16840 | Orc:2    | Killed an orc warlord
 17147 | Orc:2    | Bought a potion of heal wounds for 70 gold pieces
 17147 | Orc:2    | Bought a scroll of fear for 56 gold pieces
 17189 | Orc:2    | Found a staircase to the Elven Halls.
 17239 | Orc:2    | Reached skill level 8 in Armour
 17324 | Orc:2    | Found Rimparowk's Antique Armour Emporium.
 17337 | Orc:2    | Bought a pair of embroidered gloves for 217 gold pieces
 17380 | Orc:2    | Bought an ancient scale mail for 261 gold pieces
 17380 | Orc:2    | Identified the +1 scale mail "Qymn" {rN+} (You bought it in
                  | a shop on level 2 of the Orcish Mines)
 17380 | Orc:2    | Bought a shiny helmet for 217 gold pieces
 17644 | Orc:2    | Found Lehuin's Jewellery Shop.
 18423 | Orc:2    | Bought the ring of Nuthraisa {rF+ EV+5 Str+3 Int+2 Dex-5}
                  | for 750 gold pieces
 18762 | D:11     | Noticed Maurice
 18767 | D:11     | Killed Maurice
 18858 | D:11     | Received a gift from Trog
 19350 | D:12     | Reached skill level 1 in Throwing
 19365 | D:12     | Gained mutation: You are mostly covered in sharp spines.
                  | [demonic ancestry]
 19365 | D:12     | Reached XP level 15. HP: 120/120 MP: 15/15
 20105 | D:13     | Noticed Erolcha
 20160 | D:13     | Noticed Frances
 20167 | D:13     | Killed Frances
 20171 | D:13     | Found a blossoming altar of Fedhas.
 20213 | D:13     | Killed Erolcha
 20214 | D:13     | Reached skill level 9 in Armour
 20384 | D:13     | Found a gate to the Vaults.
 20528 | D:13     | You fall into a shaft and drop 1 floor!
 21111 | D:14     | Found a basalt altar of Yredelemnul.
 21145 | D:14     | Received a gift from Trog
 21402 | D:15     | Entered Level 15 of the Dungeon
 21645 | D:15     | Reached skill level 10 in Armour
 21857 | D:15     | Reached skill level 10 in Dodging
 22019 | D:15     | Noticed Jorgrun
 22032 | D:15     | Killed Jorgrun
 22359 | D:15     | Found a staircase to the Depths.
 22754 | Spider:1 | Entered Level 1 of the Spider Nest
 23194 | Spider:1 | Noticed Donald
 23314 | Spider:1 | Killed Donald
 23861 | Spider:1 | Gained mutation: Your demonic aura causes all spilled blood
                  | to erupt in flames. [demonic ancestry]
 23861 | Spider:1 | Reached XP level 16. HP: 129/129 MP: 16/16
 24214 | Spider:1 | Reached skill level 11 in Armour
 24765 | Spider:2 | Reached skill level 5 in Throwing
 25289 | Spider:2 | Received a gift from Trog
 26058 | Spider:3 | Found a transporter.
 26060 | Spider:3 | Found a transporter.
 26126 | Spider:3 | Got the +1 pair of boots "Guahocil" {+Blink Dex+6}
 26315 | Spider:3 | Reached skill level 12 in Armour
 27575 | Spider:4 | Entered Level 4 of the Spider Nest
 28082 | Spider:4 | Gained mutation: You are completely covered in sharp
                  | spines. [demonic ancestry]
 28082 | Spider:4 | Reached XP level 17. HP: 138/138 MP: 17/17
 28603 | Spider:4 | Reached skill level 13 in Armour
 28957 | Spider:4 | Received a gift from Trog
 28957 | Spider:4 | Found the +7 lajatang of Order {silver, rMut}
 29563 | Spider:4 | Got a gossamer rune of Zot
 29949 | Swamp:1  | Entered Level 1 of the Swamp
 29967 | Swamp:1  | Identified the +5 war axe of the Hills {heavy, Will++}
 30398 | Swamp:1  | Noticed Josephine
 30506 | Swamp:1  | Killed Josephine
 31115 | Swamp:2  | Noticed a tentacled monstrosity
 31128 | Swamp:2  | Killed a tentacled monstrosity
 31469 | Swamp:2  | Reached skill level 14 in Armour
 31615 | Swamp:2  | Received a gift from Trog
 32576 | Swamp:4  | Entered Level 4 of the Swamp
 32620 | Swamp:4  | Reached XP level 18. HP: 138/148 MP: 18/18
 32977 | Swamp:4  | Received a gift from Trog
 33031 | Swamp:4  | Got a decaying rune of Zot
 33112 | Swamp:4  | Reached skill level 10 in Evocations
 33164 | Swamp:4  | Reached skill level 15 in Fighting
 33454 | Swamp:4  | Identified the serpent talisman "Utyidiss" {rF+ rC- rN++
                  | Str+2}
 33672 | Swamp:4  | Acquired the +1 cloak "Geunitz" {Rampage rPois rN+ Int-5}
 34757 | Crypt:3  | Identified the "Faddass"
 34757 | Elf:1    | Entered Level 1 of the Elven Halls
 35151 | Elf:1    | Received a gift from Trog
 35635 | Elf:2    | Identified the "Gowyhaff"
 35635 | Elf:2    | Identified the "Icrotel"
 35635 | Elf:2    | Identified the of Himy
 35635 | Elf:2    | Identified the "Vuetsum"
 35895 | Elf:2    | Noticed a bone dragon
 35911 | Elf:2    | Killed a bone dragon
 36282 | Elf:2    | Received a gift from Trog
 36728 | Elf:2    | Found a runed translucent gate.
 36728 | Elf:2    | Found a runed translucent gate.
 36728 | Elf:2    | Found a runed translucent gate.
 37237 | Elf:2    | Reached skill level 15 in Armour
 37275 | Elf:2    | Gained mutation: Your touch may inflict irresistible damage
                  | on your foes. [demonic ancestry]
 37275 | Elf:2    | Reached XP level 19. HP: 144/157 MP: 19/19
 37660 | Elf:2    | Reached skill level 10 in Throwing
 37989 | Elf:3    | Identified the "Fibuff"
 37989 | Elf:3    | Entered Level 3 of the Elven Halls
 38170 | Elf:3    | Found Dekuevam's Magic Scroll Shoppe.
 38415 | Elf:3    | Found Icsas's Weapon Shop.
 38436 | Elf:3    | Received a gift from Trog
 38493 | Elf:3    | Found Fezxoefe's General Store.
 38540 | Elf:3    | Bought a potion of might for 56 gold pieces
 38861 | Elf:3    | Found Pemach's Weapon Shoppe.
 39489 | Elf:3    | Identified the ring of Gacwemm {+Blink Fly rPois rF+}
 39491 | Elf:3    | Identified the amulet of the Princeling {RegenMP Rampage
                  | rElec Dex-5 Slay+6}
 39727 | Elf:3    | Identified the ring "Kix Pitt" {rPois rC- Will+ Str+2
                  | Dex+6}
 39730 | Elf:3    | Received a gift from Trog
 39733 | Elf:3    | Identified the +0 flail of Governance {freeze, Int+4}
 40242 | Elf:3    | Identified the +1 mace of Desertification {flame, rC+
                  | Int+3}
 40658 | Depths:1 | Entered Level 1 of the Depths
 40661 | Depths:1 | Found a gateway to Hell.
 40901 | Depths:1 | Found Cexol's Armour Shoppe.
 41088 | Depths:1 | Found Heotegifu's Weapon Emporium.
 41088 | Depths:1 | Found Jikuqargh's Magic Scroll Shoppe.
 41137 | Depths:1 | Bought a scroll of acquirement for 884 gold pieces
 41237 | Depths:1 | Gained mutation: Your hexes are more powerful. [demonic
                  | ancestry]
 41237 | Depths:1 | Reached XP level 20. HP: 107/166 MP: 20/20
 41463 | Depths:1 | Found a runed translucent door.
 41463 | Depths:1 | Noticed Jutoxo's ghost (veteran GnWn)
 41898 | Depths:1 | Killed Jutoxo's ghost
 42027 | Depths:2 | Received a gift from Trog
 42028 | Depths:2 | Found a shadowy altar of Dithmenos.
 42366 | Depths:2 | Reached skill level 16 in Armour
 42549 | Depths:2 | Found an opulent altar of Gozag.
 42597 | Depths:2 | Found a one-way gate to the infinite horrors of the Abyss.
 42862 | Depths:2 | Found Noij's General Store.
 43097 | Depths:2 | Received a gift from Trog
 43529 | Depths:2 | Found a one-way gate leading to the halls of Pandemonium.
 43552 | Depths:2 | Found a one-way gateway to a ziggurat.
 43554 | Depths:2 | Noticed the Enchantress
 43583 | Depths:2 | Killed the Enchantress
 43584 | Depths:2 | You fall into a shaft and drop 2 floors!
 43584 | Depths:4 | Entered Level 4 of the Depths
 43595 | Depths:4 | Reached skill level 15 in Maces & Flails
 44375 | Depths:4 | Noticed a golden dragon
 44392 | Depths:4 | Killed a golden dragon
 44443 | Depths:3 | Gained mutation: Your touch may irresistibly damage your
                  | foes and sap their willpower. [demonic ancestry]
 44443 | Depths:3 | Reached XP level 21. HP: 103/175 MP: 21/21
 44446 | Depths:3 | Received a gift from Trog
 44861 | Depths:2 | Identified the serpent talisman of Eternal Night {rN++
                  | Int+4 Dex-2 Slay-2}
 44861 | Depths:2 | Noticed Aizul
 44867 | Depths:2 | Killed Aizul
 45289 | D:8      | Acquired 688 gold pieces
 46059 | Depths:3 | Identified the +7 spear of Dust {freeze, rElec Str+3 Int+3}
 46470 | Depths:3 | Identified the +0 scale mail of Divine Compulsion {Int+2}
 46530 | Depths:3 | Noticed a caustic shrike
 46541 | Depths:3 | Killed a caustic shrike
 47005 | Depths:4 | Found Jynnu's Antique Weapon Shop.
 47266 | Depths:4 | HP: 9/264 [hell knight/bolt of fire (10)]
 48008 | Depths:4 | Reached skill level 17 in Armour
 48367 | Depths:4 | Noticed a caustic shrike
 48367 | Depths:4 | Noticed a caustic shrike
 48371 | Depths:4 | Noticed a caustic shrike
 48371 | Depths:4 | Noticed a caustic shrike
 48371 | Depths:4 | Noticed a caustic shrike
 48385 | Depths:4 | Killed a caustic shrike
 48385 | Depths:4 | Killed a caustic shrike
 48477 | Depths:3 | Killed a caustic shrike
 48770 | Depths:4 | Killed a caustic shrike
 48785 | Depths:4 | Killed a caustic shrike
 49384 | Depths:4 | Received a gift from Trog
 49530 | Depths:4 | Found a gate to the Realm of Zot.
 49788 | Vaults:1 | Entered Level 1 of the Vaults
 50233 | Vaults:1 | You are sucked into a shaft and drop 1 floor!
 50559 | Vaults:1 | Reached XP level 22. HP: 185/185 MP: 22/22
 50740 | Vaults:1 | Identified the +3 robe of Bedevilment {Rampage rElec Str+3
                  | Stlth-}
 50744 | Vaults:1 | Received a gift from Trog
 51064 | Vaults:1 | Reached skill level 15 in Evocations
 51108 | Vaults:1 | Noticed Norris
 51136 | Vaults:1 | Killed Norris
 51329 | Vaults:1 | Found a radiant altar of Vehumet.
 51340 | Vaults:1 | Identified the +0 robe of Joy {rElec rPois Regen+}
 51355 | Vaults:1 | Identified the -2 hat of Death Resistance {rC+ rCorr}
 51698 | Vaults:2 | Found Wypluir's Antique Armour Boutique.
 51708 | Vaults:2 | Bought a bloodstained scale mail for 333 gold pieces
 51708 | Vaults:2 | Identified the +0 scale mail "Aphoost" {Dex+2} (You bought
                  | it in a shop on level 2 of the Vaults)
 52362 | Vaults:2 | Noticed Boris
 52381 | Vaults:2 | Killed Boris
 52587 | Vaults:2 | Received a gift from Trog
 52878 | Vaults:2 | Found a staircase to the Crypt.
 53638 | Vaults:3 | Received a gift from Trog
 53882 | Vaults:3 | Noticed Asterion
 53887 | Vaults:3 | Noticed Nikola
 53912 | Vaults:3 | Killed Nikola
 54122 | Vaults:3 | Killed Asterion
 54507 | Elf:3    | Bought a scroll of enchant armour for 112 gold pieces
 55109 | Vaults:3 | Reached skill level 15 in Shields
 55734 | Vaults:4 | Received a gift from Trog
 56100 | Vaults:4 | Reached skill level 18 in Armour
 56148 | Vaults:4 | Gained mutation: Your melee attacks may debilitate your
                  | foes. [demonic ancestry]
 56148 | Vaults:4 | Reached XP level 23. HP: 161/194 MP: 23/23
 56509 | Vaults:4 | Found a runed translucent gate.
 56509 | Vaults:4 | Found a runed translucent gate.
 56509 | Vaults:4 | Found a runed translucent gate.
 56510 | Vaults:4 | Noticed Feshunla's ghost (adept KoEn)
 56510 | Vaults:4 | Noticed Fotooss's ghost (adept MiDe)
 56543 | Vaults:4 | Killed Fotooss's ghost
 56549 | Vaults:4 | Killed Feshunla's ghost
 56550 | Vaults:4 | Received a gift from Trog
 56812 | Vaults:4 | Identified the +8 quarterstaff of Spite {drain, rElec rN+
                  | Dex-2}
 57379 | Vaults:4 | Identified the +0 scale mail "Omaso" {rElec rN+ Str-2
                  | Int+3}
 58010 | Vaults:5 | Entered Level 5 of the Vaults
 58031 | Vaults:4 | Identified the +9 double sword "Hudouriz" {flame, rF+ rCorr
                  | Dex-4 SInv} (Trog gifted it to you on level 4 of the
                  | Vaults)
 58031 | Vaults:4 | Received a gift from Trog
 58698 | Vaults:5 | Received a gift from Trog
 58877 | Vaults:5 | Identified the +4 arbalest "Ympohup" {heavy, rF- rC++
                  | Str+4}
 59741 | Vaults:5 | Gained mutation: You are surrounded by an aura of silence.
                  | [demonic ancestry]
 59741 | Vaults:5 | Reached XP level 24. HP: 181/203 MP: 23/23
 59744 | Vaults:5 | Identified the +11 lajatang of the Extremes {heavy, Stlth+}
 59788 | Vaults:5 | Identified the +4 battleaxe of Mutasmec {heavy, Str+4}
 60411 | Vaults:5 | Got a silver rune of Zot
 60497 | Vaults:5 | Identified the ring of the Ten Allies {rF+ MP+9}
 60523 | Vaults:5 | Found Vaolat's Book Shop.
 60550 | Vaults:5 | Found the +18 shield of the Gong {Loud rN+ Will+ rCorr
                  | EV-5}
 60554 | Vaults:5 | Identified the +5 kite shield of the Stars {Harm Slay+6}
 60557 | Vaults:5 | Bought a manual of Armour for 1120 gold pieces
 60579 | Vaults:5 | Identified the +0 pair of gloves of Cibil {*Corrode Str+4
                  | Dex+3}
 60580 | Vaults:5 | Identified the +0 scimitar of the Dead {venom, rF+ rC+
                  | Will- SInv}
 60672 | Vaults:5 | Identified the +0 rapier of Ignis's Castigation {protect,
                  | *Slow Will+ Str+3}
 60735 | Vaults:5 | Found Qianecw's Antique Armour Shop.
 61250 | Orc:2    | Bought a twisted scarf for 290 gold pieces
 61250 | Orc:2    | Identified the scarf of the Byakko {shadows, Harm *Corrode
                  | rPois SInv} (You bought it in a shop on level 2 of the
                  | Orcish Mines)
 61638 | Zot:1    | Identified the "Babeg"
 61638 | Zot:1    | Entered Level 1 of the Realm of Zot
 61678 | Zot:1    | Received a gift from Trog
 61685 | Zot:1    | Reached skill level 19 in Armour
 62034 | Zot:1    | Identified the +4 arbalest "Suxueb" {flame, rC+ rCorr MP-9}
 62263 | Zot:1    | You are sucked into a shaft and drop 1 floor!
 62283 | Zot:2    | Noticed a Killer Klown
 62285 | Zot:2    | Noticed a Killer Klown
 62298 | Zot:2    | Killed a Killer Klown
 62305 | Zot:2    | Killed a Killer Klown
 62400 | Zot:2    | Noticed Vv
 62414 | Zot:2    | Killed Vv
 62517 | Zot:2    | Reached skill level 20 in Armour
 62555 | Zot:2    | Received a gift from Trog
 62589 | Zot:2    | Noticed a juggernaut
 62599 | Zot:2    | Killed a juggernaut
 63301 | Zot:2    | Found the +4 dragonskin cloak
 63301 | Zot:2    | Noticed Tiamat
 63341 | Zot:2    | Killed Tiamat
 63829 | Zot:2    | Reached XP level 25. HP: 145/212 MP: 23/23
 64759 | Zot:3    | Reached skill level 21 in Armour
 64998 | Zot:3    | Received a gift from Trog
 66055 | Zot:3    | Received a gift from Trog
 66919 | Zot:3    | Reached skill level 22 in Armour
 68884 | Zot:5    | Entered Level 5 of the Realm of Zot
 69485 | Slime:1  | Entered Level 1 of the Pits of Slime
 69673 | Slime:2  | Received a gift from Trog
 70140 | Slime:3  | Paralysed by a formless jellyfish for 1 turns
 70244 | Slime:5  | Entered Level 5 of the Pits of Slime
 70389 | Slime:3  | Gained mutation: You are completely covered in razor-sharp
                  | scales. (AC +3, Slay +3) [demonic ancestry]
 70389 | Slime:3  | Reached XP level 26. HP: 175/222 MP: 23/23
 71193 | Slime:5  | Noticed the Royal Jelly
 71232 | Slime:5  | Killed the Royal Jelly
 71734 | Slime:5  | Identified the +1 robe of Sufficient Leaves {Fly Stlth+}
 71794 | Slime:5  | Identified the +8 chain mail of Nexauck {Str+2}
 71805 | Slime:5  | Identified the +1 short sword of Defilement {heavy, rElec
                  | rPois Int-2}
 71806 | Slime:5  | Identified the +9 morningstar of the Scavenger {vamp, rC+}
 71871 | Slime:5  | Identified the +5 hand axe of Cobwebs {antimagic, +Blink
                  | Will- Str+4 SInv}
 71931 | Slime:5  | Got a slimy rune of Zot
 71935 | Slime:5  | Identified the amulet "Yre Ynte" {Acrobat rN++ Dex+4
                  | Stlth-}
 71988 | Slime:5  | Received a gift from Trog
 73494 | Zot:5    | Noticed an orb of fire
 73565 | Zot:5    | Noticed an ancient lich
 73583 | Zot:5    | Killed an ancient lich
 73882 | Zot:5    | Noticed an orb of fire
 73900 | Zot:5    | Killed an orb of fire
 74621 | Zot:5    | Killed an orb of fire
 74699 | Zot:5    | Noticed an orb of fire
 74720 | Zot:5    | Killed an orb of fire
 75276 | Zot:5    | Noticed an orb of fire
 75294 | Zot:5    | Killed an orb of fire
 76198 | Zot:5    | Noticed an orb of fire
 76258 | Zot:5    | Killed an orb of fire
 77142 | Zot:5    | Noticed an orb of fire
 77147 | Zot:5    | Gained mutation: You are frail. (-10% HP) [an orb of fire]
 77164 | Zot:5    | Killed an orb of fire
 77572 | Zot:5    | Noticed an ancient lich
 77586 | Zot:5    | Killed an ancient lich
 77658 | Zot:5    | Noticed an orb of fire
 78184 | Zot:5    | Killed an orb of fire
 78959 | Zot:5    | Received a gift from Trog
 79313 | Zot:5    | Noticed an ancient lich
 79328 | Zot:5    | Killed an ancient lich
 79329 | Zot:5    | Reached skill level 23 in Armour
 80089 | Zot:5    | Noticed an orb of fire
 80099 | Zot:5    | Killed an orb of fire
 82721 | Zot:5    | Got the Orb of Zot
 83107 | D:12     | Noticed Otweovoz the pandemonium lord
 83374 | D:$      | Escaped with the Orb!

Illustrated notes

Levels and vault maps discovered:
D:1:      lightli_arrival_statue_moat, layout_basic, serial_corexii_hall,
          corexii_hall_statues_x, chequers_hall_statues_wall_a,
          hellmonk_ecumenical_altar_lost_god, nrook_mini_backslash
D:2:      layout_loops_corners
D:3:      layout_loops_ring, amcnicky_altar_gilded,
          nicolae_ru_sacrificial_ziggurat, xom_teletrap_fun,
          wander_ebering_terrifying_dragon_lair, uniq_terence
D:4:      layout_loops_ring
D:5:      layout_cave_pools, old_standard_altar, dancing_weapons_uskayaw,
          minmay_temple_entry_large_hall
D:6:      layout_cave_pools, jmf_multi_god_temple2,
          gammafunk_ghost_nasty_kobolds
D:7:      layout_rooms
D:8:      layout_loops_ring, mainiacjoe_overflow_cross_hatched,
          mainiacjoe_overflow_chevrons, grunt_lair_entry_orc_guard_hut,
          serial_shops, nicolae_shop_back_alley_shop,
          nicolae_shop_advertising_works [nicolae_subvault_shop_adworks],
          shop_statue
D:9:      layout_basic, general_overflow_altar, orc_0_dummy, enter_bailey_2
D:10:     layout_irregular_city, okawaru_humans, nicolae_overflow_crystal_walls,
          guppyfry_early_elven_hall
D:11:     layout_loops_ring, uniq_maurice
D:12:     layout_roguey
D:13:     minmay_statue_hallways, layout_long_grid, david_vaults_4,
          serial_shops, shop, minivault_24, fedhas_ov_isle_minmay, uniq_frances,
          uniq_erolcha
D:14:     layout_irregular_city, yredelemnul_altar_generic,
          minmay_misc_feat_four_crosses
D:15:     grunt_enter_depths_magical_seal, layout_basic,
          roderic_lattice_octagonal_star, uniq_jorgrun
Lair:1:   layout_chaotic_city, serial_bayou_shore_b
Lair:2:   layout_long_grid, infiniplex_staircase_pool, uniq_amaemon,
          uniq_harold, uniq_urug
Lair:3:   layout_roguey, alex1729_swamp_entry_worm_eleionoma,
          dummy_spider_entry, gammafunk_ghost_cemetery, lemuel_fruit_tree,
          uniq_kirke
Lair:4:   layout_big_grid, nicolae_slime_entry_slimehenge, serial_bayou_shore_b
Lair:5:   hangedman_lair_caniforms_friends, layout_cave_pods,
          hangedman_lair_tendril_chambers
Swamp:1:  layout_basic_swamp, nicolae_swamp_feature_on_the_river_bank,
          swamp_pool_1_2, uniq_josephine
Swamp:2:  layout_basic_swamp, evilmike_swamp_ruin_house_4
Swamp:3:  layout_basic_swamp, hangedman_swamp_diagram
Swamp:4:  swamp_icy, layout_basic_swamp, swamp_pool_3,
          evilmike_swamp_ruin_house_1, hangedman_swamp_blocks
Spider:1: layout_spider_delve, nicolae_spider_circle_web, uniq_donald
Spider:2: layout_cave_pods
Spider:3: gammafunk_boulding_lane, nicolae_spider_cling_ruins
Spider:4: spider_rune_water
Slime:1:  layout_caves
Slime:2:  nicolae_slime_pool, layout_caves
Slime:3:  cheibrodos_slime_lost_civilization_1, layout_caves,
          nicolae_slime_crime_time
Slime:4:  layout_caves
Slime:5:  slime_pit_nicolae_inversion
Orc:1:    layout_caves, basic_altar
Orc:2:    grunt_orc_gardens, layout_diamond_mine, grunt_orc_garden,
          grunt_orc_garden, grunt_orc_garden, grunt_orc_garden,
          hangedman_minor_magic
Elf:1:    nicolae_elf_arrival_fired_up, layout_geoelf_octagon, minivault_28,
          nicolae_elf_variegated_diamond
Elf:2:    elven_hall_of_blades_hangedman_original [nicolae_blade_bullseye],
          layout_geoelf_diagonals, serial_hangedman_research,
          hangedman_research_thermodynamics, hangedman_research_probablistics,
          hangedman_research_thanatology, hangedman_research_quantum,
          minivault_25_ag, minivault_24
Elf:3:    grunt_elf_hall_asides, layout_onion_city, serial_shops,
          nicolae_shop_tiny_statue_garden, nicolae_shop_bloodbath_and_beyond,
          shop, nicolae_lakefront_shop, grunt_megastairs_3
Vaults:1: nicolae_vaults_network_square, v_pattern_1,
          nicolae_vaults_storage_room_doors, v_misc_8,
          nicolae_vaults_sightless_eye, vaults_room_semicircle,
          grunt_tower_of_power, nicolae_vaults_double_plus_1,
          nicolae_vaults_inception_statues, nicolae_vaults_theta,
          hangedman_vaults_capsules, nicolae_vaults_hallways_thing,
          nicolae_vaults_storage_room_glass, hangedman_vaults_unwind,
          nicolae_vaults_mini_display_case, layout_vaults_omnibox, uniq_norris
Vaults:2: nicolae_vaults_six-pack, minmay_crypt_entry_simple_corners,
          nicolae_vaults_big_ls, ontoclasm_vaults_misaligned,
          nicolae_vaults_double_plus_2, nicolae_vaults_storage_closets_2,
          nicolae_vaults_lightning_bolt, v_misc_1, v_misc_12,
          vaults_room_large_hall, nicolae_vaults_more_shelving_1,
          nicolae_vaults_angled_halls, layout_vaults_maze_bifur, serial_shops,
          shop, uniq_boris
Vaults:3: nicolae_vaults_twisting_passages, nicolae_vaults_murder_corner,
          nicolae_vaults_offset_grid_hallway_2, ontoclasm_vaults_idyll,
          ontoclasm_vaults_ring_square, v_misc_19, vaults_room_fours,
          ontoclasm_vaults_loading_screen, nicolae_vaults_three_branches,
          vaults_room_semicircle, nicolae_vaults_little_squares_5,
          layout_vaults_omnigrid, uniq_asterion, uniq_nikola
Vaults:4: gammafunk_ghost_cemetery, v_rooms_2, nicolae_vaults_meeting,
          nicolae_vaults_turnstiles, v_rooms_6, v_misc_1, v_pattern_3,
          v_rooms_5, nicolae_vaults_shelves_hall, nicolae_vaults_asterisk,
          nicolae_vaults_trapezoid_1, layout_vaults_chaotic_city
Vaults:5: serial_shops
Depths:1: layout_twisted_cross, nicolae_the_louvre, serial_shops,
          nicolae_shop_competitors_out_of_business,
          hellmonk_ghost_happy_afterlife, hell_entry, amcnicky_mini_pool_small,
          kennysheep_generic_room_8, minmay_shoptagon, serial_bayou_shore_b
Depths:2: hangedman_elemental_death_ray, layout_gridville, enter_ziggurat_f,
          grunt_gozag_statues, grunt_hell_entry_dis_grunt, serial_shops, shop,
          abyss_entry, grunt_pan_entry_in_and_out,
          nicolae_dithmenos_shadow_blocks, infiniplex_staircase_squiggle,
          serial_bayou_shore_b, uniq_aizul, uniq_enchantress
Depths:3: evilmike_cross, layout_cave_shapes, grunt_mini_vestibule, abyss_entry,
          chequers_decorated_corner, kennysheep_potato, firewood_loft
Depths:4: evilmike_zot_entry_round, layout_gridlike, skrybe_limestone_x,
          hell_entry, serial_shops, shop_statue, grunt_pan_entry_sceptre,
          minmay_three_doors
Zot:1:    layout_misc_corridors
Zot:2:    ebering_greatest_show_in_zot, layout_twisted_circle, uniq_vv,
          uniq_tiamat
Zot:3:    grunt_twist_and_shout, layout_concentric_octagons
Zot:4:    lemuel_draconian_sentries_small, layout_cellular_growth,
          lemuel_elevator
Zot:5:    layout_gridlike

Skill      XL: |  1  2  3  4  5  6  7  8  9 10 11 12 13 14 15 16 17 18 19 20 21 22 23 24 25 26 |
---------------+-------------------------------------------------------------------------------+-----
Armour         | 2 3 4 5 6 7 8 10 12 14 15 16 17 18 20 22 23 | 23.1
Dodging        | 2 3 4 5 6 8 10 11 | 11.7
Fighting       | 4 5 6 7 8 9 10 12 13 14 15 16 17 18 19 20 21 22 | 22.1
Staves         | 5 8 9 |  9.1
Evocations     | 4 6 8 9 11 12 13 14 15 16 17 18 19 | 19.3
Shields        | 6 10 13 14 15 16 17 18 19 | 19.3
Maces & Flails | 4 7 9 10 11 12 13 14 15 16 17 18 19 | 19.8
Throwing       | 1 4 6 8 9 11 12 13 | 13.4
Axes           | |  2.8

Action                     |  1- 3 |  4- 6 |  7- 9 | 10-12 | 13-15 | 16-18 | 19-21 | 22-24 | 25-27 || total
---------------------------+-------+-------+-------+-------+-------+-------+-------+-------+-------++-------
  Melee: Hand axe          |    90 |   100 |     6 |       |       |       |       |       |       ||   196
         Punch             |     2 |       |     2 |       |       |       |       |       |       ||     4
         Short sword       |       |       |   193 |       |       |       |       |       |       ||   193
         Touch             |       |       |    22 |       |       |       |     6 |       |       ||    28
         Quarterstaff      |       |       |    84 |   154 |       |       |       |       |       ||   238
         Demon whip        |       |       |       |   178 |  1078 |  1543 |  1386 |  1640 |   856 ||  6681
         Unarmed           |       |       |       |     3 |       |       |       |     8 |       ||    11
         Lajatang          |       |       |       |       |       |       |       |       |   428 ||   428
         Morningstar       |       |       |       |       |       |       |       |       |    90 ||    90
  Throw: Javelin           |       |       |     6 |     6 |    69 |    52 |    12 |     1 |    24 ||   170
         Dart              |       |       |       |       |       |     4 |       |       |       ||     4
         Throwing net      |       |       |       |       |       |       |     2 |       |       ||     2
 Invoke: Berserk           |       |     2 |     1 |     7 |     8 |     3 |     3 |    13 |    13 ||    50
         Brothers in Arms  |       |       |       |     1 |     3 |     6 |     6 |     4 |       ||    20
         Trog's Hand       |       |       |       |     1 |       |       |     1 |     1 |       ||     3
Ability: Evoke Blink       |       |       |       |       |       |       |       |     1 |       ||     1
  Evoke: Wand              |       |       |       |       |       |    66 |     3 |       |     9 ||    78
         Lightning rod     |       |       |       |       |       |     2 |       |       |       ||     2
         Phial of floods   |       |       |       |       |       |     1 |       |       |     1 ||     2
         Sack of spiders   |       |       |       |       |       |       |       |     2 |     1 ||     3
         Condenser vane    |       |       |       |       |       |       |       |       |     1 ||     1
    Use: Scroll            |       |     9 |     7 |    17 |     5 |     6 |     6 |    10 |     6 ||    66
         Potion            |       |       |       |     1 |     2 |     2 |     4 |     6 |    11 ||    26
   Stab: Sleeping          |     3 |       |       |       |       |       |       |       |       ||     3
         Distracted        |       |       |       |       |       |     1 |     1 |     1 |       ||     3
         Paralysed         |       |       |       |       |       |       |     3 |       |       ||     3
 Armour: Animal skin       |    36 |    33 |       |       |       |       |       |       |       ||    69
         Chain mail        |       |    13 |   189 |    66 |   294 |   735 |   668 |   404 |       ||  2369
         Scale mail        |       |    22 |     3 |   103 |    58 |       |       |       |       ||   186
         Skin              |       |       |       |     3 |       |       |       |     4 |       ||     7
         Shadow dragon sca |       |       |       |       |       |       |    21 |       |       ||    21
         Gold dragon scale |       |       |       |       |       |       |       |   417 |   896 ||  1313
  Dodge: Dodged            |    52 |    54 |   132 |   140 |   409 |   727 |   410 |   334 |   208 ||  2466
  Block: Buckler           |       |       |       |    29 |   126 |       |       |       |       ||   155
         Kite shield       |       |       |       |       |   214 |   743 |   562 |   936 |   749 ||  3204
         Reflection        |       |       |       |       |     1 |    19 |    29 |    50 |       ||    99

Table legend: (Time is in decaauts)
 A = Elapsed time spent in this place.
 B = Non-inter-level travel time spent in this place.
 C = Inter-level travel time spent in this place.
 D = Time resting spent in this place.
 E = Time spent auto-exploring this place.
 F = Levels seen in this place.
 G = Mean time per level.
                   A        B        C        D        E       F      G
               +--------+--------+--------+--------+--------+-----+--------+
         Total |  81008 |  70506 |  10502 |  24718 |  28224 |  53 | 1528.5 |
       Dungeon |  15674 |  12330 |   3344 |   1148 |   8465 |  15 | 1044.9 |
          Lair |   7818 |   6417 |   1401 |   1638 |   3282 |   5 | 1563.6 |
         Swamp |   4511 |   3933 |    578 |    940 |   1955 |   4 | 1127.8 |
   Spider Nest |   6564 |   5918 |    646 |   2047 |   2388 |   4 | 1641.0 |
    Slime Pits |   2583 |   2443 |    140 |   1270 |     13 |   5 |  516.6 |
  Orcish Mines |   2240 |   1965 |    275 |    633 |    807 |   2 | 1120.0 |
   Elven Halls |   5524 |   4025 |   1499 |   1618 |    886 |   3 | 1841.3 |
        Vaults |  10020 |   9567 |    453 |   1935 |   5375 |   5 | 2004.0 |
        Depths |   8952 |   8154 |    798 |   2845 |   3528 |   4 | 2238.0 |
           Zot |  16892 |  15527 |   1365 |  10636 |   1499 |   5 | 3378.4 |
        Bailey |    226 |    226 |      0 |      5 |     25 |   1 |  226.0 |
               +--------+--------+--------+--------+--------+-----+--------+

Top non-repeatable levels by time:
   Zot:5: 9893 daAuts
Depths:4: 3688 daAuts
Vaults:4: 3096 daAuts
   Zot:3: 2888 daAuts
  Lair:5: 2591 daAuts
   Elf:3: 2262 daAuts
   Elf:2: 2184 daAuts
Depths:2: 2028 daAuts
   Zot:2: 1960 daAuts
Vaults:5: 1900 daAuts
Depths:3: 1867 daAuts
Spider:3: 1855 daAuts
Vaults:2: 1855 daAuts
     D:8: 1776 daAuts
Vaults:1: 1755 daAuts
